Map: Cactus Valley LE (Void)

Players

MaNa - Winner!

  • Race: Protoss Protoss
  • Spawn Location: 5:00

ReiGN

  • Race: Protoss Protoss
  • Spawn Location: 7:00

Event: IEM XI Katowice - World Championship 2017

VOD

Have the link to the VOD?

Description

Time

  • Played on: Feb. 28, 2017, 10:29 a.m.
  • Length: 6:08

All games in this series

Show
View Real Time Build Order
Export as new Build Order

MaNa Protoss - Winner!

Build Orders:  

Get SALT Encoding   

  12  0:00  Probe (Chrono Boost)  
  13  0:11  Probe (Chrono Boost)  
  14  0:16  Pylon  
  14  0:22  Probe (Chrono Boost)  
  15  0:35  Probe (Chrono Boost)  
  16  0:36  Gateway  
  16  0:45  Probe (Chrono Boost)  
  16  0:46  Assimilator  
  17  0:56  Probe (Chrono Boost)  
  18  0:57  Assimilator  
  18  1:06  Probe (Chrono Boost)  
  18  1:07  Gateway  
  19  1:17  Probe (Chrono Boost)  
  20  1:23  Cybernetics Core  
  20  1:27  Probe (Chrono Boost)  
  20  1:31  Pylon  
  21  1:38  Probe (Chrono Boost)  
  21  1:48  Probe (Chrono Boost)  
  22  1:54  Warp Gate  
  22  1:59  Adept  
  22  2:00  Adept, Mothership Core (Chrono Boost)  
  28  2:15  Pylon  
  28  2:19  Probe (Chrono Boost)  
  29  2:25  Stalker  
  29  2:29  Stalker  
  31  2:35  Probe (Chrono Boost)  
  34  2:47  Probe (Chrono Boost)  
  35  3:02  Nexus  
  35  3:20  Robotics Facility  
  35  3:27  Pylon  
  35  3:29  Sentry x2  
  39  3:40  Gateway  
  39  3:52  Probe (Chrono Boost)  
  40  4:03  Stalker  
  40  4:04  Stalker  
  40  4:06  Probe (Chrono Boost)  
  40  4:09  Observer  
  46  4:12  Pylon  
  46  4:21  Probe (Chrono Boost)  
  46  4:22  Probe (Chrono Boost)  
  48  4:25  Warp Prism  
  50  4:31  Probe (Chrono Boost)  
  50  4:34  Probe (Chrono Boost)  
  54  4:45  Sentry, Probe (Chrono Boost)  
  54  4:46  Adept, Sentry  
  54  4:47  Probe (Chrono Boost)  
  60  4:56  Probe (Chrono Boost)  
  60  4:59  Probe (Chrono Boost)  
  62  5:08  Stalker  
  62  5:09  Stalker x2  
  62  5:12  Pylon  
  69  5:15  Probe (Chrono Boost)  
  69  5:18  Pylon  
  69  5:23  Probe (Chrono Boost)  
  70  5:30  Probe (Chrono Boost)  
  69  5:38  Adept  
  69  5:39  Adept x2  
  63  5:59  Stalker x3  
Show
View Real Time Build Order
Export as new Build Order

ReiGN Protoss 

Build Orders:  

Get SALT Encoding   

  12  0:00  Probe (Chrono Boost)  
  13  0:11  Probe (Chrono Boost)  
  14  0:18  Pylon  
  14  0:22  Probe (Chrono Boost)  
  15  0:36  Probe (Chrono Boost)  
  15  0:39  Gateway  
  16  0:46  Probe (Chrono Boost)  
  17  0:51  Assimilator  
  17  0:57  Probe (Chrono Boost)  
  17  0:59  Assimilator  
  18  1:08  Probe (Chrono Boost)  
  19  1:13  Gateway  
  19  1:18  Probe (Chrono Boost)  
  20  1:29  Cybernetics Core, Probe (Chrono Boost)  
  21  1:39  Probe (Chrono Boost)  
  22  1:49  Pylon  
  22  1:50  Probe (Chrono Boost)  
  23  1:56  Warp Gate  
  23  2:08  Mothership Core (Chrono Boost)  
  25  2:17  Stalker x2  
  29  2:26  Pylon  
  29  2:34  Probe (Chrono Boost)  
  30  2:47  Stalker x2  
  34  3:17  Stalker x2  
  38  3:30  Probe (Chrono Boost)  
  39  3:39  Nexus  
  38  3:56  Pylon  
  38  4:05  Robotics Facility  
  38  4:07  Probe (Chrono Boost)  
  39  4:16  Stalker x2  
  43  4:29  Probe (Chrono Boost)  
  44  4:43  Stalker  
  42  4:47  Probe (Chrono Boost)  
  42  4:51  Observer  
  43  4:53  Robotics Bay  
  43  4:57  Probe (Chrono Boost)  
  43  4:59  Probe (Chrono Boost)  
  46  5:07  Warp Prism  
  46  5:08  Probe (Chrono Boost)  
  46  5:11  Probe (Chrono Boost)  
  46  5:13  Sentry x2  
  54  5:18  Probe (Chrono Boost)  
  55  5:23  Probe (Chrono Boost)  
  56  5:29  Probe (Chrono Boost)  
  52  5:35  Probe (Chrono Boost)  
  52  5:37  Stalker x2  
  52  5:39  Probe (Chrono Boost)  
  55  5:46  Pylon  
  43  6:01  Stalker  

Tags
 
Add a new tag
Caveats
  • Supply blocks, unpowered buildings, or Contaminate may cause inaccurate times.
  • Supply counts are checked every 10 seconds.